 Dungeon Crawl Stone Soup version 0.19-a0-36-g4a0968a (webtiles) character file.

10136 seren the Grappler (level 11, -1/101 (102) HPs)
             Began as a Ghoul Monk on May 3, 2016.
             Was a Priest of Kikubaaqudgha.
             Slain by an unseen horror (3 damage)
             ... on level 10 of the Dungeon.
             The game lasted 01:27:27 (14116 turns).

seren the Grappler (Ghoul Monk)                    Turns: 14116, Time: 01:27:28

HP:   -1/101 (102)  AC:  8    Str: 18    XL:     11   Next: 57%
MP:   14/14         EV: 16    Int:  8    God:    Kikubaaqudgha [***...]
Gold: 171           SH:  0    Dex: 14    Spells: 0 memorised, 16 levels left

rFire  . . .     SeeInvis .       - Unarmed
rCold  + . .     Gourm    .     a - +0 robe
rNeg   + + +     Faith    .     (no shield)
rPois  ∞         Spirit   .     U - +2 helmet
rElec  .         Dismiss  .     t - +2 cloak
rCorr  .         Reflect  .     (no gloves)
SustAt .         Harm     .     (no boots)
MR     .....                    K - amulet of regeneration
Stlth  ++........               x - +3 ring of dexterity
                                W - +2 ring of strength

@: rotting, not resistant to hostile enchantments, unstealthy
A: rotting body, claws 1, carnivore 3, cold resistance 1, negative energy
resistance 3, slow regeneration 1, torment resistance, unbreathing
a: Receive Corpses, Renounce Religion


You were on level 10 of the Dungeon.
You worshipped Kikubaaqudgha.
Kikubaaqudgha was most pleased with you.
You were not hungry.

You visited 3 branches of the dungeon, and saw 14 of its levels.
You also visited: Ossuary.

You collected 1046 gold pieces.
You spent 875 gold pieces at shops.

Inventory:

Hand Weapons
 z - a +3 blowgun
 J - the +4 dagger "Morg" {pain, MR+ Int+5}
   (You bought it in a shop on level 8 of the Dungeon)

   In the hands of one skilled in necromantic magic, it inflicts extra damage on
   living creatures.
   It affects your intelligence (+5).
   It affects your resistance to hostile enchantments.
Missiles
 e - 346 stones (quivered)
 y - 55 poisoned needles
Armour
 a - a +0 robe (worn)
 q - a +0 buckler
 t - a +2 cloak (worn)
 U - a +2 helmet (worn)
Jewellery
 x - a +3 ring of dexterity (right claw)
 K - an amulet of regeneration (around neck)
 Q - an uncursed ring of protection from cold
 R - an uncursed ring of wizardry
 W - a +2 ring of strength (left claw)
 Z - an uncursed amulet of magic regeneration
Wands
 A - a wand of disintegration (12/24)
 G - a wand of flame (15/48)
 T - a wand of digging (14/24)
Scrolls
 c - a scroll of acquirement {unknown}
 g - a scroll of fog
 h - a scroll of blinking {unknown}
 i - a scroll of brand weapon {unknown}
 n - a scroll of immolation {unknown}
 p - a scroll of fear {unknown}
 r - a scroll of teleportation
 v - a scroll of amnesia
 F - 2 scrolls of remove curse
 M - a scroll of silence {unknown}
 N - a scroll of recharging {unknown}
 O - a scroll of magic mapping
Potions
 j - a potion of mutation {unknown}
 k - a potion of brilliance {unknown}
 l - 3 potions of magic
 m - 6 potions of curing
 s - a potion of flight {unknown}
 B - a potion of might {unknown}
 E - 2 potions of invisibility {unknown}
Books
 d - Kikubaaqudgha's Incunabulum of Dark Rituals
   (Kikubaaqudgha gifted it to you on level 9 of the Dungeon)

   Spells                             Type                      Level
   a - Animate Dead                   Necromancy                   4
   b - Excruciating Wounds            Charms/Necromancy            5
   c - Dispel Undead                  Necromancy                   5
   d - Simulacrum                     Ice/Necromancy               6
   e - Death Channel                  Necromancy                   6
 C - a book of Death

   Spells                             Type                      Level
   a - Corpse Rot                     Necromancy                   2
   b - Sublimation of Blood           Necromancy                   2
   c - Agony                          Necromancy                   5
   d - Dispel Undead                  Necromancy                   5
   e - Excruciating Wounds            Charms/Necromancy            5
   f - Bolt of Draining               Conjuration/Necromancy       5
 S - Kikubaaqudgha's Collected Works on Evil Secrets
   (Kikubaaqudgha gifted it to you in the Ecumenical Temple)

   Spells                             Type                      Level
   a - Animate Skeleton               Necromancy                   1
   b - Pain                           Necromancy                   1
   c - Corpse Rot                     Necromancy                   2
   d - Vampiric Draining              Necromancy                   3
   e - Control Undead                 Necromancy                   4
Comestibles
 b - 6 meat rations
 f - a slice of pizza
 o - a chunk of flesh
 u - 9 royal jellies
 H - 5 beef jerkies


   Skills:
 + Level 11.3 Fighting
 + Level 2.4 Short Blades
 + Level 7.9 Dodging
 - Level 2.1 Stealth
 - Level 11.3 Unarmed Combat
 - Level 3.0 Spellcasting
 + Level 6.3 Necromancy


You had 16 spell levels left.
You didn't know any spells.

Dungeon Overview and Level Annotations

Branches:
Dungeon (11/15)            Temple (1/1) D:6            Lair (2/8) D:10
    Orc: D:9-12

Altars:
Ashenzari
Cheibriados
Dithmenos
Elyvilon
Fedhas
Kikubaaqudgha
Makhleb
Nemelex Xobeh
Okawaru
Qazlal
Ru
Sif Muna
Trog
Vehumet
Xom
Yredelemnul
Zin
The Shining One

Shops:
D:8 (*!%   D:10 :

Portals:
Trove: D:10 (give +4 storm dragon armour)

Annotations:
D:4 exclusion: wyvern, Blork the orc, Edmund, Pikel
D:10 zkyp's ghost, journeyman HuFi
Lair:1 Gastronok
Lair:2 nubinia's ghost, journeyman DEVM


Innate Abilities, Weirdness & Mutations

Your body is rotting away.
You thrive on raw meat.
You are immune to poison.
You have sharp fingernails.
You are carnivorous and can eat meat at any time.
Your flesh is cold resistant.
You are immune to negative energy.
You regenerate slowly when monsters are visible.
You are immune to unholy pain and torment.
You can survive without breathing.


Message History

Something barely misses you.
You claw something! Something hits you. Something hits you but does no damage.
You scratch something. Something hits you!
* * * LOW HITPOINT WARNING * * *
You scratch something. Something hits you.
* * * LOW HITPOINT WARNING * * *
Something hits you.
* * * LOW HITPOINT WARNING * * *
Something hits you.
* * * LOW HITPOINT WARNING * * *
You barely miss something. Something completely misses you.
You closely miss something. Something hits you!
* * * LOW HITPOINT WARNING * * *
Something hits you.
* * * LOW HITPOINT WARNING * * *
You barely miss something. Something hits you.
* * * LOW HITPOINT WARNING * * *
Something hits you.
You die...
Kikubaaqudgha rasps: "You have failed me!
Welcome... oblivion!"

.........## #........# #.........
....####..###........###.........
....# ##).##........'.#§§§§§....
....# ##..'........#.'.§§§§....
....# ####........###.§§.§....
##### #........# #####§#### #
######'### #...# #### ########..#
###.## ...# #......@.## #..#
##'#######'########## ########'#
.#.....##...........####........(
.###.#.##...........#..'.........
.#...#...♣..........#.##.........
##.###<#............'.##.........
...#...#♣∩♣.........####.........
#########...######(### #.........
#♣### #....# ##########


There were no monsters in sight!

Vanquished Creatures
  A spiny frog (Lair:1)
  2 komodo dragons (Lair:1)
  A troll (D:10)
  3 blink frogs (Lair:1)
  A wraith (D:10)
  11 yaks
  A wyvern (D:9)
  4 hippogriffs (Lair:1)
  2 soldier ants (D:9)
  5 water moccasins
  3 porcupines (Lair:1)
  2 black bears
  4 sky beasts
  A slave (D:3)
  2 orc warriors
  2 ice beasts
  2 wasps (D:9)
  2 phantoms
  3 wolves (Lair:1)
  4 ogres
  A necrophage (D:7)
  5 centaurs
  4 crocodiles
  6 giant frogs
  6 killer bees
  3 wights (D:8)
  3 howler monkeys
  A jelly (D:5)
  7 crimson imps
  4 hounds
  2 giant frog skeletons (D:6)
  Crazy Yiuf (D:2)
  An orc priest (D:7)
  A giant frog zombie (D:10)
  5 orc wizards
  6 iguanas
  Natasha (thrice) (D:2)
  11 worker ants
  A hound zombie (D:9)
  A hound skeleton (D:10)
  8 mummies (Ossuary)
  12 adders
  9 river rats (Lair:1)
  2 shadow imps
  An ooze (D:9)
  An adder zombie (D:7)
  3 worms
  3 dart slugs
  4 giant geckos
  15 orcs
  7 bats
  8 giant cockroaches
  12 hobgoblins
  18 jackals
  5 quokkas
  2 ball pythons (D:5)
  A giant gecko skeleton (D:5)
  4 giant newts
  2 gnoll zombies (Ossuary)
  3 goblins
  A hobgoblin zombie (Ossuary)
  10 kobolds
  4 kobold zombies (Ossuary)
  An orc zombie (Ossuary)
  5 rats
269 creatures vanquished.

Notes
Turn   | Place    | Note
--------------------------------------------------------------
     0 | D:1      | seren the Ghoul Monk began the quest for the Orb.
     0 | D:1      | Reached XP level 1. HP: 19/19 MP: 0/0
   405 | D:1      | Reached XP level 2. HP: 26/26 MP: 1/1
   986 | D:2      | Reached XP level 3. HP: 33/33 MP: 2/2
   995 | D:2      | Noticed Natasha
  1010 | D:2      | Killed Natasha
  1010 | D:2      | Reached skill level 5 in Unarmed Combat
  1085 | D:2      | Noticed Natasha
  1097 | D:2      | Reached XP level 4. HP: 18/40 MP: 3/3
  1239 | D:2      | Killed Natasha
  1528 | D:2      | Noticed Natasha
  1539 | D:2      | Killed Natasha
  1539 | D:2      | Reached XP level 5. HP: 36/47 MP: 4/4
  1627 | D:2      | Noticed Crazy Yiuf
  1635 | D:2      | Killed Crazy Yiuf
  1731 | D:2      | Reached skill level 5 in Fighting
  2255 | D:3      | Reached XP level 6. HP: 45/56 MP: 5/5
  2576 | D:3      | Found a deep blue altar of Sif Muna.
  2953 | D:4      | Noticed a wyvern
  2991 | D:4      | Noticed Edmund
  3051 | D:4      | Noticed a slave
  3051 | D:4      | Noticed a slave
  3053 | D:4      | Noticed a slave
  3054 | D:4      | Noticed Pikel
  3096 | D:3      | Killed a slave
  3194 | D:4      | Found a deep blue altar of Sif Muna.
  3194 | D:4      | Found a white marble altar of Elyvilon.
  3277 | D:5      | Entered Level 5 of the Dungeon
  3499 | D:5      | Noticed a sky beast
  3721 | D:5      | Killed a sky beast
  3721 | D:5      | Reached XP level 7. HP: 45/63 MP: 6/6
  4858 | D:4      | Noticed Blork the orc
  4961 | D:4      | Found an iron altar of Okawaru.
  4963 | D:4      | Found a shimmering altar of Xom.
  4965 | D:4      | Found a sacrificial altar of Ru.
  5177 | D:6      | Reached XP level 8. HP: 67/73 MP: 7/7
  5207 | D:6      | Found a staircase to the Ecumenical Temple.
  5296 | D:6      | Found a sand-covered staircase.
  5305 | Ossuary  | Entered an ossuary
  7319 | D:7      | Reached XP level 9. HP: 82/82 MP: 8/8
  7715 | D:7      | Reached skill level 5 in Dodging
  8126 | Temple   | Entered the Ecumenical Temple
  8133 | Temple   | Became a worshipper of Kikubaaqudgha
  8133 | Temple   | Reached * piety under Kikubaaqudgha
  8133 | Temple   | Received a gift from Kikubaaqudgha
  8133 | Temple   | Reached ** piety under Kikubaaqudgha
  8134 | Temple   | Identified Kikubaaqudgha's Collected Works on Evil Secrets (Kikubaaqudgha gifted it to you in the Ecumenical Temple)
  8384 | D:7      | Reached skill level 1 in Spellcasting
  8384 | D:7      | Reached skill level 1 in Necromancy
  8921 | D:8      | Found Tuta's Weapon Boutique.
  8983 | D:8      | Found Beusomat's Assorted Antiques.
  8994 | D:8      | Found Vikloc's Distillery.
  9001 | D:8      | Bought a potion of curing for 45 gold pieces
  9008 | D:8      | Bought a glowing helmet for 103 gold pieces
  9091 | D:8      | Found Paczae's Food Emporium.
  9108 | D:8      | Reached skill level 10 in Unarmed Combat
  9523 | D:8      | Identified a -1 rod of ignition (9/9) (You found it on level 8 of the Dungeon)
  9548 | D:9      | Found a shadowy altar of Dithmenos.
  9587 | D:9      | Reached XP level 10. HP: 88/93 MP: 12/12
  9763 | D:8      | Reached skill level 10 in Fighting
 10348 | D:9      | Reached *** piety under Kikubaaqudgha
 10348 | D:9      | Received a gift from Kikubaaqudgha
 10370 | D:9      | Identified Kikubaaqudgha's Incunabulum of Dark Rituals (Kikubaaqudgha gifted it to you on level 9 of the Dungeon)
 10471 | D:9      | Found a sparkling altar of Nemelex Xobeh.
 11082 | D:10     | Entered Level 10 of the Dungeon
 11104 | D:10     | Found Vuzxumaf's Book Shoppe.
 11154 | D:10     | Found a staircase to the Lair.
 11161 | Lair:1   | Entered Level 1 of the Lair of Beasts
 11262 | D:10     | Noticed zkyp's ghost (journeyman HuFi)
 11449 | D:10     | Found a portal to a secret trove of treasure.
 11557 | D:8      | Bought a potion of haste for 150 gold pieces
 11586 | D:8      | Bought the +4 dagger "Morg" {pain, MR+ Int+5} for 577 gold pieces
 12185 | D:11     | Noticed an orc knight
 12244 | Lair:1   | Reached skill level 5 in Necromancy
 12244 | Lair:1   | Reached XP level 11. HP: 42/100 MP: 14/14
 13234 | Lair:1   | Reached skill level 1 in Short Blades
 13744 | Lair:2   | Noticed Gastronok
 13744 | Lair:2   | Noticed nubinia's ghost (journeyman DEVM)
 14115 | D:10     | HP: 2/101 [something (5)]
 14116 | D:10     | Slain by an unseen horror

Vault maps used:
D:1:      minmay_arrival_arboretum_small
D:2:      minmay_misc_feat_encased, st_stairs_12, uniq_natasha,
          uniq_crazy_yiuf_cottage
D:3:      minmay_misc_feat_room, led_sif_pool
D:4:      gammafunk_temple_overflow_statue, grunt_temple_overflow_diamond,
          first_bread, minmay_misc_feat_x, uniq_edmund, uniq_blork_the_orc,
          uniq_pikel
D:5:      basic_altar, gup_sewer_entry_pipe
D:6:      minmay_temple_entry_from_below_a,
          lightli_ossuary_entry_decrepit_ruins, zaba_anthole
D:8:      serial_shops, nicolae_shop_waterfront, shop, nicolae_shop_trees, shop
D:9:      grunt_dithmenos_smoke_and_mirrors, hangedman_pestilent_swarm,
          nemelex_dance_club_becter
D:10:     lair_0_dummy, enter_trove_6, serial_shops, nicolae_shop_trees,
          uniq_fannar
D:11:     kennysheep_blocky_room, orc_david_3, serial_bayou,
          serial_bayou_pond_b, serial_bayou_shore_b, serial_bayou_shore_b,
          serial_bayou_lake_a, serial_bayou_pond_a
Temple:   water_room_temple_a_12
Lair:1:   serial_bayou_pond_e, beast_lair_carwin_3
Lair:2:   uniq_gastronok, uniq_harold
Ossuary:  ossuary_tomb_3

Skill      XL: |  1  2  3  4  5  6  7  8  9 10 11 |
---------------+----------------------------------+-----
Dodging        | 3 4 5 7 |  7.9
Fighting       | 4 5 6 7 8 9 10 11 | 11.3
Unarmed Combat | 5 6 7 8 9 10 11 | 11.3
Spellcasting   | 2 3 |  3.0
Necromancy     | 2 5 6 |  6.3
Short Blades   | 2 |  2.4
Stealth        | |  2.1

Action                   |  1- 3 |  4- 6 |  7- 9 | 10-12 || total
-------------------------+-------+-------+-------+-------++-------
Melee: Unarmed           |    75 |   233 |   411 |   406 ||  1125
       Punch             |     2 |     6 |     8 |    21 ||    37
       Dagger            |       |       |       |     9 ||     9
 Fire: Blowgun           |       |       |    11 |    10 ||    21
  Use: Scroll            |       |     8 |     8 |    11 ||    27
       Potion            |       |     1 |     4 |     3 ||     8
 Stab: Sleeping          |     1 |     1 |     4 |     7 ||    13
       Distracted        |       |       |     1 |     1 ||     2
  Eat: Chunk             |     8 |    41 |    46 |    77 ||   172
       Meat ration       |       |       |     1 |       ||     1
Armor: Robe              |    12 |    37 |    54 |    76 ||   179
Dodge: Dodged            |    48 |   154 |   225 |   265 ||   692
